 Dungeon Crawl Stone Soup version 0.29.0-4-gdea44cf6ec (webtiles) character file.

Game seed: 1285947714177385563

34 qw the Chopper (level 3, 0/21 HPs)
             Began as a Tengu Warper on Aug 28, 2022.
             Succumbed to an adder's poison
             ... on level 2 of the Dungeon.
             The game lasted 00:00:06 (1569 turns).

qw the Chopper (Tengu Warper)                       Turns: 1569, Time: 00:00:07

Health: 0/21       AC:  3    Str: 13    XL:     3   Next: 31%
Magic:  7/7        EV: 12    Int: 13    God:
Gold:   119        SH:  0    Dex: 13    Spells: 6/6 levels left

rFire   . . .      SeeInvis .   Y - +0 hand axe
rCold   . . .      Faith    .   (no shield)
rNeg    . . .      Spirit   .   b - +0 leather armour
rPois   .          Reflect  .   (helmet restricted)
rElec   .          Harm     .   (no cloak)
rCorr   .          Rampage  .   (no gloves)
Will    .....                   (boots unavailable)
Stlth   +.........              (no amulet)
HPRegen 0.07/turn               (no ring)
MPRegen 0.10/turn               (no ring)

@: lethally poisoned (0 -> -4)
A: beak, talons 3
a: no special abilities


You were on level 2 of the Dungeon.
You visited 1 branch of the dungeon, and saw 2 of its levels.

You collected 119 gold pieces.


Innate Abilities, Weirdness & Mutations

You have a beak for a mouth.
You have claws for feet.


   Skills:
 - Level 2.0 Fighting
 + Level 4.0 Axes
 - Level 1.0 Throwing
 - Level 1.1 Armour
 - Level 2.1 Dodging
 - Level 2.0 Spellcasting
 - Level 2.4 Translocations


You had 6 spell levels left.
You didn't know any spells.
Your spell library contained the following spells:

 Spells                   Type           Power      Damage    Failure   Level
 Blink                    Tloc           14%        N/A       19%         2
 Gell's Gravitas          Tloc           7%         N/A       36%         3
 Lesser Beckoning         Tloc           7%         N/A       36%         3
 Teleport Other           Tloc           7%         N/A       36%         3
 Manifold Assault         Tloc           7%         N/A       98%         5

Inventory:

Hand Weapons
 h - a +0 club
 Y - a +0 hand axe (weapon)
Armour
 b - a +0 leather armour (worn)
Jewellery
 a - a +6 ring of dexterity
Potions
 e - a potion of haste {unknown}
 f - a potion of heal wounds {unknown}

Dungeon Overview and Level Annotations

Branches:
Dungeon (2/15)

Altars:


Message History

A quokka comes into view.
1560 ||| Stepping ~*~*~tactically~*~*~ (stealth).
The adder closely misses you.
You barely miss the adder. Your kick misses the adder. The adder bites you.
You are poisoned.
The adder poisons you!
You miss the adder.
You feel sick. The adder closely misses you.
You hit the adder but do no damage. You claw the adder.
The adder is lightly wounded.
You hit the quokka but do no damage.
You feel sick. The adder closely misses you. The quokka barely misses you.
The adder barely misses you.
You barely miss the adder. Your kick misses the adder.
The adder is lightly wounded.
You barely miss the quokka.
You feel sick. The quokka bites you. The adder bites you.
You are more poisoned.
The adder poisons you!
You barely miss the adder. You claw the adder. Your peck misses the adder.
The adder is moderately wounded.
You miss the quokka.
You feel sick. The quokka barely misses you. The adder bites you.
The quokka bites you. The adder closely misses you.
You hit the adder. You claw the adder.
The adder is heavily wounded.
You barely miss the quokka.
You feel sick. The adder barely misses you.
The quokka bites you but does no damage.
You closely miss the adder. Your peck misses the adder.
The adder is heavily wounded.
You hit the quokka.
You feel sick. The adder barely misses you.
The quokka bites you but does no damage.
The adder closely misses you.
You hit the adder but do no damage.
The adder is heavily wounded.
You hit the quokka but do no damage.
You die...

.....#.# ## ....#.## ..
..#....# .# #.#....###.
#.[.......#### ### #
#............# ..#
#.##.........#.####.#
..##..S@............##.#
......r........##>#.##.#
.......#...%#####.#.##.#
.......#....+.....#....#
.......#....##########..
.......#..<.# #.#
.#.....#....# #..
#.....#...... ###
#.....####..... #..


You could see an adder and a quokka.

Vanquished Creatures
  4 bats
  3 endoplasms (D:1)
  4 giant cockroaches
  3 goblins (D:1)
  3 hobgoblins (D:1)
  4 jackals
  2 ball pythons (D:1)
  A frilled lizard (D:1)
  4 kobolds (D:1)
  2 rats (D:1)
30 creatures vanquished.

Notes
Turn   | Place    | Note
-------+----------+-------------------------------------------
     0 | D:1      | qw the Tengu Warper began the quest for the Orb.
     0 | D:1      | Reached XP level 1. HP: 12/12 MP: 4/4
     0 | D:1      | 0 ||| qw: Version: 0.1-a-89-g26bdef1
     0 | D:1      | 0 ||| qw: Game counter: 3350
     0 | D:1      | 0 ||| qw: Always use a shield: true
     0 | D:1      | 0 ||| qw: God list: Okawaru
     0 | D:1      | 0 ||| qw: Allow faded altars: false
     0 | D:1      | 0 ||| qw: Do Orc after D:15 true
     0 | D:1      | 0 ||| qw: Do second Lair branch before Depths: true
     0 | D:1      | 0 ||| qw: Lair rune preference: random
     0 | D:1      | 0 ||| qw: Plans: Normal
     0 | D:1      | 0 ||| PLANNING D:1-11
   516 | D:1      | Reached XP level 2. HP: 12/17 MP: 6/6
   669 | D:1      | Reached skill level 3 in Axes
  1129 | D:1      | Reached XP level 3. HP: 21/21 MP: 7/7
  1393 | D:1      | 1393 ||| READING scroll labelled WANIEN JOTOT.
  1394 | D:1      | 1394 ||| READING scroll labelled GEIBIR BYRIAST.
  1395 | D:1      | 1395 ||| DROPPING scroll of blinking.
  1497 | D:2      | Found a faded altar of an unknown god.
  1525 | D:2      | Reached skill level 4 in Axes
  1560 | D:2      | 1560 ||| Stepping ~*~*~tactically~*~*~ (stealth).
  1566 | D:2      | HP: 4/21 [quokka (2)]
  1568 | D:2      | HP: 1/21 [poisoned by an adder]
  1569 | D:2      | Succumbed to an adder's poison

Levels and vault maps discovered:
D:1:      lightli_arrival_statue_moat, layout_loops_corners
D:2:      layout_basic, basic_ecumenical_altar, cheibrodos_gnoll_hut

Skill      XL: |  1  2  3 |
---------------+----------+-----
Axes           | 3 4 |  4.0
Fighting       | |  2.0
Throwing       | |  1.0
Armour         | |  1.1
Dodging        | |  2.1
Spellcasting   | |  2.0
Translocations | |  2.4

Action                   || total
-------------------------++-------
Melee: Hand axe          ||    73
       Kick              ||    16
       Peck              ||     9
Throw: Boomerang         ||     7
  Use: Scroll            ||     2
Armor: Leather armour    ||    19
Dodge: Dodged            ||    43

Table legend:
 A = Non-vault XP
 B = Vault XP
 C = Vault XP percentage of total XP
 D = Non-vault monster count
 E = Vault monster count
 F = Vault count percentage of total count
                 A         B        C        D         E       F
            +---------+---------+-------+---------+---------+-------
      Total |      49 |       0 |   0.0 |      30 |       0 |   0.0
            +---------+---------+-------+---------+---------+-------
        D:1 |      40 |       0 |   0.0 |      25 |       0 |   0.0
        D:2 |       9 |       0 |   0.0 |       5 |       0 |   0.0
            +---------+---------+-------+---------+---------+-------
